 Dungeon Crawl Stone Soup version 0.20.0-15-g7f486f2 (webtiles) character file.

8633 Ic0n the Reanimator (level 11, -13/87 HPs)
             Began as a Human Necromancer on June 15, 2017.
             Was a High Priest of Yredelemnul.
             Splashed by an oklob plant's acid (16 damage)
             ... on level 1 of the Lair of Beasts.
             The game lasted 00:49:45 (14626 turns).

Ic0n the Reanimator (Human Necromancer)            Turns: 14626, Time: 00:49:46

Health: -13/87     AC:  7    Str:  8    XL:     11   Next: 59%
Magic:  21/21      EV: 13    Int: 19    God:    Yredelemnul [*****.]
Gold:   382        SH:  5    Dex: 14    Spells: 11/24 levels left

rFire    . . .     SeeInvis .   N - +1 broad axe (venom)
rCold    . . .     Gourm    .   (no shield)
rNeg     . . .     Faith    .   u - +4 ring mail
rPois    .         Spirit   .   f - +2 helmet
rElec    .         Reflect  +   g - +0 cloak
rCorr    .         Harm     .   R - +1 pair of gloves
MR       .....                  d - +1 pair of boots
Stlth    +.........             U - +5 amulet of reflection
Regen    0.3/turn               s - +1 ring of evasion
MPRegen  0.2/turn               w - +3 ring of slaying

@: corroded
A: no striking features
a: Recall Undead Slaves, Injury Mirror, Animate Dead, Drain Life, Enslave Soul,
Renounce Religion


You were on level 1 of the Lair of Beasts.
You worshipped Yredelemnul.
Yredelemnul was extremely pleased with you.
You were not hungry.

You visited 2 branches of the dungeon, and saw 11 of its levels.
You also visited: Ossuary.

You collected 738 gold pieces.
You spent 356 gold pieces at shops.

Inventory:

Hand Weapons
 e - a +1 rapier
 N - a +1 broad axe of venom (weapon)
 S - the +2 great mace of Havoc {flame, Dex+3 Stlth+}
   (You bought it in a shop on level 10 of the Dungeon)

   It has been specially enchanted to burn those struck by it, causing extra
   injury to most foes and up to half again as much damage against particularly
   susceptible opponents.
   It affects your dexterity (+3).
   It makes you more stealthy.
Missiles
 j - 5 javelins (quivered)
 E - 2 throwing nets
Armour
 d - a +1 pair of boots (worn)
 f - a +2 helmet (worn)
 g - a +0 cloak (worn)
 m - a +0 scale mail of fire resistance
 u - a +4 ring mail (worn)
 R - a +1 pair of gloves (worn)
Jewellery
 o - an uncursed ring of see invisible
 s - a +1 ring of evasion (left hand)
 t - an uncursed ring of flight
 w - a +3 ring of slaying (right hand)
 K - an uncursed ring of ice
 U - a +5 amulet of reflection (around neck)
Wands
 k - a wand of digging (21/24)
Scrolls
 h - 4 scrolls of enchant armour
 p - 2 scrolls of magic mapping
 q - 7 scrolls of remove curse
 r - 2 scrolls of recharging
 A - 6 scrolls of teleportation
 C - a scroll of blinking
 J - 7 scrolls of amnesia
 O - 4 scrolls of enchant weapon
 P - a scroll of fog
 W - a scroll of identify
Potions
 a - 4 potions of curing
 i - 4 potions of agility
 v - 2 potions of lignification
 z - a potion of mutation
 D - a potion of heal wounds
 F - 2 potions of brilliance
 H - 3 potions of flight
 L - 2 potions of cancellation
 M - a potion of berserk rage
 Q - a potion of haste
Books
 b - a book of Necromancy

   Spells                             Type                      Level
   a - Pain                           Necromancy                   1
   b - Animate Skeleton               Necromancy                   1
   c - Vampiric Draining              Necromancy                   3
   d - Regeneration                   Charms/Necromancy            3
   e - Animate Dead                   Necromancy                   4
   f - Control Undead                 Necromancy                   4
 B - a book of Minor Magic

   Spells                             Type                      Level
   a - Magic Dart                     Conjuration                  1
   b - Blink                          Translocation                2
   c - Call Imp                       Summoning                    2
   d - Slow                           Hexes                        2
   e - Conjure Flame                  Conjuration/Fire             3
   f - Mephitic Cloud                 Conjuration/Poison/Air       3
Comestibles
 c - 7 bread rations
 l - 4 royal jellies
 n - 2 chunks of flesh
 I - 3 meat rations


   Skills:
 + Level 8.7 Fighting
 + Level 2.9 Axes
 - Level 6.7 Armour
 + Level 5.5 Dodging
 - Level 2.0 Stealth
 - Level 7.0 Spellcasting
 + Level 9.7 Necromancy
 - Level 2.8 Translocations


You had 11 spell levels left.
You knew the following spells:

 Your Spells              Type           Power        Failure   Level  Hunger
a - Pain                  Necr           ####         1%          1    None
b - Vampiric Draining     Necr           #####.....   1%          3    #......
c - Regeneration          Chrm/Necr      ####......   11%         3    #......
d - Control Undead        Necr           #####.....   4%          4    ###....
e - Blink                 Tloc           N/A          12%         2    None


Dungeon Overview and Level Annotations

Branches:
Dungeon (10/15)            Temple (0/1) D:7            Lair (1/6) D:10
    Orc: D:9-12

Altars:
Gozag
Hepliaklqana
Kikubaaqudgha
Makhleb
Okawaru
Trog
Uskayaw
Xom
Yredelemnul

Shops:
D:10 !(%

Annotations:
Lair:1 exclusion: oklob plant


Message History

The ooze is poisoned.
You kill the ooze!
Yredelemnul accepts your kill. The oklob plant spits acid at you.
The splash of acid hits you! The acid corrodes you!
You are splashed with acid!
The acid burns!
The ooze hits you. The oklob plant spits acid at you.
The splash of acid hits you!
* * * LOW HITPOINT WARNING * * *
The acid corrodes you!
You are splashed with acid!
The acid burns!
* * * LOW HITPOINT WARNING * * *
You hit the oklob plant.
The oklob plant is lightly damaged.
You hit the ooze but do no damage. The ooze barely misses you.
The oklob plant spits acid at you. The splash of acid hits you!
* * * LOW HITPOINT WARNING * * *
You are splashed with acid!
The acid burns!
You die...
Your body rises from the dead as a mindless zombie.

...........#
####.###...#
## ###.##
#..# ##.#
##'## #...#
##...##
#..@..#
#..PJ.#
#.....#
##...##
#...# #####


You could see an oklob plant and an ooze.

Vanquished Creatures
  An ugly thing (D:10)
  A hornet (D:9)
  Prince Ribbit (D:6)
  A hippogriff (D:7)
  Sigmund (D:6)
  Eustachio (D:3)
  A water moccasin (Lair:1)
  Duvessa (D:6)
  3 ice beasts
  2 phantoms
  2 orc warriors (D:6)
  An eye of draining (D:9)
  2 sky beasts (D:6)
  An ogre (D:4)
  2 wolves (Lair:1)
  3 centaurs
  A big kobold (D:10)
  4 bullfrogs
  A scorpion (D:4)
  A water moccasin skeleton (D:4)
  Dowan (D:6)
  2 killer bees (D:10)
  2 howler monkeys
  3 centaur zombies
  6 crimson imps
  3 hounds
  7 jellies
  Crazy Yiuf (D:2)
  7 orc priests
  8 orc wizards
  4 bullfrog skeletons
  3 centaur skeletons
  Ijyb (D:2)
  An iguana (D:4)
  9 worker ants
  A hound zombie (D:7)
  2 mummies
  Robin (D:2)
  11 gnolls
  10 adders
  4 shadow imps
  8 oozes
  2 worms
  4 dart slugs
  5 leopard geckos
  30 orcs
  4 ball pythons
  3 giant cockroaches
  9 hobgoblins
  10 jackals
  9 kobolds
  4 quokkas
  5 bats
  5 frilled lizards
  A gnoll zombie (Ossuary)
  20 goblins
  5 goblin zombies
  2 hobgoblin skeletons (Ossuary)
  2 hobgoblin zombies (Ossuary)
  A jackal skeleton (D:7)
  3 kobold skeletons (Ossuary)
  A kobold zombie (Ossuary)
  A leopard gecko skeleton (D:8)
  2 orc zombies
  6 rats
  3 rat skeletons (Ossuary)
  2 rat zombies (Ossuary)
  A fungus (Lair:1)
  4 plants (D:10)
270 creatures vanquished.

Vanquished Creatures (collateral kills)
  A hydra (Lair:1)
  2 two-headed ogres (D:9)
  An oklob plant (D:10)
  A centaur skeleton (D:9)
  6 hippogriffs
  A steam dragon (D:8)
  2 ice beasts
  2 porcupines (Lair:1)
  2 phantoms
  An ogre (D:9)
  3 wolves (Lair:1)
  2 centaurs (D:9)
  2 crocodiles (Lair:1)
  8 killer bees
  2 crimson imps (D:8)
  A bullfrog zombie (D:10)
  9 jellies
  2 iguanas (D:9)
  A worker ant (D:8)
  A hound skeleton (D:8)
  A worker ant zombie (D:9)
  2 adders
  2 oozes (Lair:1)
  An adder skeleton (D:9)
  An orc (D:9)
  2 gnoll zombies (Ossuary)
  A gnoll skeleton (Ossuary)
  A goblin skeleton (Ossuary)
  5 kobolds (D:10)
  A kobold skeleton (Ossuary)
  An orc zombie (Ossuary)
  2 rat skeletons (Ossuary)
  9 plants (D:10)
79 creatures vanquished.

Vanquished Creatures (others)
  3 flying skulls
  A wraith (Lair:1)
  Menkaure (Ossuary)
  2 mummies (Ossuary)
  A gnoll zombie (Ossuary)
  2 gnoll skeletons (Ossuary)
  A goblin skeleton (Ossuary)
  3 goblin zombies (Ossuary)
  A hobgoblin skeleton (Ossuary)
  A hobgoblin zombie (Ossuary)
  3 kobold skeletons (Ossuary)
  2 kobold zombies (Ossuary)
  2 orc skeletons (Ossuary)
  2 orc zombies (Ossuary)
  3 rat skeletons (Ossuary)
  2 rat zombies (Ossuary)
  4 fungi (Lair:1)
  A plant (Lair:1)
35 creatures vanquished.

Grand Total: 384 creatures vanquished

Notes
Turn   | Place    | Note
-------+----------+-------------------------------------------
     0 | D:1      | Ic0n the Human Necromancer began the quest for the Orb.
     0 | D:1      | Reached XP level 1. HP: 13/13 MP: 3/3
   610 | D:1      | Reached XP level 2. HP: 19/20 MP: 1/5
  1498 | D:1      | Reached XP level 3. HP: 25/25 MP: 6/6
  1685 | D:1      | Found an ancient bone altar of Kikubaaqudgha.
  1762 | D:2      | Noticed Robin
  2210 | D:2      | Killed Robin
  2210 | D:2      | Reached skill level 1 in Fighting
  2772 | D:1      | Reached XP level 4. HP: 28/32 MP: 1/7
  2894 | D:2      | Found a runed door.
  2901 | D:2      | Learned a level 3 spell: Vampiric Draining
  2902 | D:2      | Noticed Crazy Yiuf
  2909 | D:2      | Killed Crazy Yiuf
  3364 | D:2      | Reached XP level 5. HP: 33/38 MP: 2/9
  4006 | D:2      | Found a faded altar of an unknown god.
  4358 | D:3      | Found a shimmering altar of Xom.
  4358 | D:3      | Found a shimmering altar of Xom.
  4358 | D:3      | Found a shimmering altar of Xom.
  4387 | D:3      | Noticed Ijyb
  4396 | D:2      | Killed Ijyb
  4538 | D:2      | Learned a level 3 spell: Regeneration
  4637 | D:3      | Reached XP level 6. HP: 15/45 MP: 1/10
  4903 | D:3      | Found a shimmering altar of Xom.
  4903 | D:3      | Found a shimmering altar of Xom.
  4903 | D:3      | Found a shimmering altar of Xom.
  4904 | D:3      | Found a shimmering altar of Xom.
  4904 | D:3      | Found a shimmering altar of Xom.
  4905 | D:3      | Found a shimmering altar of Xom.
  5180 | D:3      | Reached skill level 5 in Necromancy
  5560 | D:4      | Noticed Eustachio
  5797 | D:4      | Found a basalt altar of Yredelemnul.
  5823 | D:4      | Reached skill level 1 in Armour
  5830 | D:4      | Became a worshipper of Yredelemnul the Dark
  5914 | D:4      | Learned a level 4 spell: Control Undead
  5924 | D:4      | Reached XP level 7. HP: 40/52 MP: 12/12
  6023 | D:3      | Killed Eustachio
  6422 | D:4      | Reached XP level 8. HP: 51/60 MP: 7/14
  6709 | D:5      | Entered Level 5 of the Dungeon
  6721 | D:5      | Found an opulent altar of Gozag.
  6743 | D:5      | Reached skill level 6 in Necromancy
  6907 | D:5      | Found a bloodstained altar of Trog.
  7091 | D:5      | Learned a level 2 spell: Blink
  7145 | D:5      | Reached * piety under Yredelemnul
  7475 | D:5      | Reached skill level 5 in Spellcasting
  7654 | D:5      | Reached XP level 9. HP: 65/67 MP: 16/16
  7663 | D:5      | Found an iron altar of Okawaru.
  7861 | D:6      | Reached skill level 5 in Fighting
  7886 | D:6      | Noticed Sigmund
  7910 | D:6      | Killed Sigmund
  7910 | D:6      | Reached skill level 7 in Necromancy
  8155 | D:6      | Noticed Prince Ribbit
  8165 | D:6      | Noticed Dowan
  8187 | D:6      | Killed Prince Ribbit
  8187 | D:6      | Reached ** piety under Yredelemnul
  8201 | D:6      | Killed Dowan
  8379 | D:6      | Reached skill level 5 in Armour
  8592 | D:6      | Noticed Duvessa
  8616 | D:6      | Killed Duvessa
  8697 | D:6      | Found a burning altar of Makhleb.
  9072 | D:6      | Reached XP level 10. HP: 66/76 MP: 19/19
  9500 | D:7      | Found a hide-covered altar of Uskayaw.
  9504 | D:7      | Noticed a dagger
  9505 | D:7      | Noticed a hand axe
  9601 | D:7      | Reached skill level 8 in Necromancy
  9654 | D:7      | Reached *** piety under Yredelemnul
  9870 | D:7      | Found a staircase to the Ecumenical Temple.
 10131 | D:8      | Found a sand-covered staircase.
 10141 | Ossuary  | Entered an ossuary
 10227 | Ossuary  | Received a gift from Yredelemnul (3 flying skulls)
 10310 | Ossuary  | Killed Menkaure
 10454 | D:8      | Reached **** piety under Yredelemnul
 10955 | D:8      | Found a hazy altar of Hepliaklqana.
 11787 | D:9      | Noticed a two-headed ogre
 11795 | D:9      | Killed a two-headed ogre
 11795 | D:9      | Reached skill level 1 in Translocations
 12277 | D:9      | Noticed a two-headed ogre
 12282 | D:9      | Killed a two-headed ogre
 12282 | D:9      | Reached XP level 11. HP: 85/85 MP: 21/21
 12477 | D:9      | Reached skill level 9 in Necromancy
 12828 | D:10     | Entered Level 10 of the Dungeon
 12907 | D:10     | Noticed a purple ugly thing
 12916 | D:10     | Killed a purple ugly thing
 13024 | D:10     | Received a gift from Yredelemnul (a wight)
 13215 | D:10     | Noticed an oklob plant
 13216 | D:10     | Found a staircase to the Lair.
 13336 | D:10     | Found Cetithi's Antique Weapon Boutique.
 13547 | D:10     | Found Miutiug's Distillery.
 13769 | D:10     | Found Gouqec's Food Shoppe.
 13801 | D:10     | Killed an oklob plant
 13801 | D:10     | Reached skill level 1 in Axes
 13801 | D:10     | Reached skill level 5 in Dodging
 13900 | D:10     | Bought a shimmering great mace for 356 gold pieces
 13900 | D:10     | Identified the +2 great mace of Havoc {flame, Dex+3 Stlth+} (You bought it in a shop on level 10 of the Dungeon)
 13944 | Lair:1   | Entered Level 1 of the Lair of Beasts
 13944 | Lair:1   | Noticed a six-headed hydra
 13951 | Lair:1   | Killed a six-headed hydra
 14061 | Lair:1   | Received a gift from Yredelemnul (a wraith)
 14461 | Lair:1   | Noticed an oklob plant
 14480 | Lair:1   | Reached ***** piety under Yredelemnul
 14626 | Lair:1   | HP: 3/87 [oklob plant/splash of acid (7)]
 14626 | Lair:1   | Splashed by an oklob plant's acid

Skill      XL: |  1  2  3  4  5  6  7  8  9 10 11 |
---------------+----------------------------------+-----
Fighting       | 1 2 3 4 6 7 8 |  8.7
Dodging        | 3 4 5 |  5.5
Spellcasting   | 3 4 5 6 7 |  7.0
Necromancy     | 5 6 7 8 9 |  9.7
Armour         | 1 2 4 5 6 |  6.7
Translocations | 2 |  2.8
Axes           | 2 |  2.9
Stealth        | |  2.0

Action                   |  1- 3 |  4- 6 |  7- 9 | 10-12 || total
-------------------------+-------+-------+-------+-------++-------
Melee: Dagger            |    35 |       |       |       ||    35
       Rapier            |     1 |   140 |   380 |   263 ||   784
       Broad axe         |       |       |       |    91 ||    91
       Great mace        |       |       |       |     1 ||     1
 Cast: Pain              |    47 |    72 |    66 |    25 ||   210
       Vampiric Draining |       |    15 |    40 |    10 ||    65
       Regeneration      |       |       |       |     2 ||     2
  Use: Potion            |     4 |       |       |       ||     4
       Scroll            |       |    11 |     2 |    10 ||    23
 Stab: Sleeping          |     1 |     2 |       |     1 ||     4
       Distracted        |       |       |     1 |     4 ||     5
  Eat: Chunk             |     4 |     9 |    13 |    13 ||    39
       Royal jelly       |     1 |       |       |     2 ||     3
       Fruit             |       |     5 |       |     2 ||     7
Armor: Robe              |    11 |    63 |    15 |       ||    89
       Leather armour    |       |       |    37 |       ||    37
       Ring mail         |       |       |   149 |   252 ||   401
Dodge: Dodged            |    41 |   108 |   267 |   243 ||   659
Block: Other             |       |       |       |    16 ||    16
